 Dungeon Crawl Stone Soup version 0.26-a0-651-gb41185065b (webtiles) character file.

Game seed: 5015051813562348129

4072 Flugslaktarn the Cleaver (level 10, -14/96 HPs)
             Began as a Deep Dwarf Fighter on Oct 14, 2020.
             Was a Priest of Makhleb.
             Demolished by an orc knight
             ... wielding a +0 halberd
              (34 damage)
             ... in a bailey.
             The game lasted 00:03:40 (4478 turns).

Flugslaktarn the Cleaver (Deep Dwarf Fighter)       Turns: 4478, Time: 00:03:40

Health: -14/96     AC:  9    Str: 21    XL:     10   Next: 5%
Magic:  5/5        EV:  7    Int:  8    God:    Makhleb [***...]
Gold:   225        SH: 12    Dex: 15    Spells: 9/9 levels left

rFire    . . .     SeeInvis .   a - +1 war axe
rCold    . . .     Faith    .   p - +3 kite shield {rPois}
rNeg     . . .     Spirit   .   e - +0 chain mail (curse)
rPois    +         Reflect  .   (no helmet)
rElec    .         Harm     .   (no cloak)
rCorr    .         Rampage  .   (no gloves)
MR       +....                  (no boots)
Stlth    ..........             (no amulet)
HPRegen  0.00/turn              B - ring of attention (curse)
MPRegen  0.09/turn              (no ring)

@: berserk cooldown, non-regenerating, slowed, heavily drained, very slow
A: damage resistance, heal wounds, sense surroundings 2, no regeneration
a: Heal Wounds, Minor Destruction, Lesser Servant of Makhleb, Renounce Religion


You were in a bailey.
You worshipped Makhleb.
Makhleb was most pleased with you.
You visited 2 branches of the dungeon, and saw 8 of its levels.
You also visited: Sewer and Bailey.

You collected 421 gold pieces.
You spent 196 gold pieces at shops.

Inventory:

Hand Weapons
 a - a +1 war axe (weapon)
Missiles
 v - 2 throwing nets (quivered)
Armour
 c - a +0 kite shield
 e - a cursed +0 chain mail (worn)
   (You found it on level 7 of the Dungeon)
 k - a +0 plate armour
   (You took it off an orc warrior on level 7 of the Dungeon)
 p - a +3 kite shield of poison resistance (worn)
   (You found it on level 4 of the Dungeon)
Jewellery
 b - an uncursed amulet of the acrobat {unknown}
   (You found it on level 7 of the Dungeon)
 B - a cursed ring of attention (left hand)
   (You found it on level 6 of the Dungeon)
Wands
 A - a wand of iceblast (2)
   (You found it on level 6 of the Dungeon)
Scrolls
 i - a scroll of enchant weapon
 l - a scroll of magic mapping
 n - 4 scrolls of fog
 o - 3 scrolls of enchant armour
 r - 2 scrolls of identify
 t - 7 scrolls of teleportation
 u - 4 scrolls of immolation
 x - a scroll of acquirement {unknown}
 z - a scroll of blinking
Potions
 g - a potion of magic
 h - a potion of lignification {unknown}
 j - a potion of flight
 m - a potion of mutation {unknown}
 q - 4 potions of curing {unknown}
 s - a potion of stabbing {unknown}
 w - 4 potions of heal wounds
 C - a potion of ambrosia {unknown}
 D - a potion of cancellation {unknown}


   Skills:
 * Level 7.7(5.5) Fighting
 * Level 8.9(6.6) Axes
 + Level 7.0(4.8) Armour
 + Level 5.3(3.2) Dodging
 - Level 4.2(2.2) Shields
 + Level 6.3(4.2) Invocations


You had 9 spell levels left.
You didn't know any spells.
Your spell library was empty.

Dungeon Overview and Level Annotations

Branches:
Dungeon (7/15)             Temple (1/1) D:4           Sewer (visited)
 Bailey (1/1)

Altars:
Ashenzari
Cheibriados
Dithmenos
Elyvilon
Fedhas
Hepliaklqana
Makhleb
Nemelex Xobeh
Okawaru
Qazlal
Sif Muna
Trog
Uskayaw
Vehumet
Wu Jian
Xom
Yredelemnul
Zin
The Shining One

Shops:
D:5 [   D:7 *


Innate Abilities, Weirdness & Mutations

You are resistant to damage.
You can heal yourself by infusing magical energy.
You passively map the area around you.
You do not regenerate.


Message History

The orc knight is moderately wounded.
You closely miss the orc knight.
The orc knight is moderately wounded.
An orc knight comes into view. It is wielding a +0 trident.
You block the orc knight's attack.
You see here a +0 hand axe.
You feel a strong urge to attack something.
Things that are here:
a +0 hand axe; an orc skeleton You are no longer berserk.
You are exhausted.
You feel yourself slow down.
The orc knight roars a battlecry!
The orc knight goes into a battle-frenzy!
The orc knight hits you from afar with a +0 halberd!
* * * LOW HITPOINT WARNING * * *
The orc knight roars a battlecry!
The orc knight goes into a battle-frenzy!
The orc knight hits you from afar with a +0 halberd!!
You die...

##### ############
....## ##..).....∩.##
...g.######..))))).....#
.....#...)#).)..)......#
....)')..)o)))))).....∩#
...g.#..))#)...o.......#
.....######............#
....## ##....@...∩.##
##### ############


You could see 2 orc knights.

Vanquished Creatures
  An unseen horror (D:6)
  An orc knight (Bailey)
  Pikel (D:5)
  Duvessa (D:7)
  8 orc warriors
  2 sky beasts
  An ice beast (D:5)
  3 ogres
  A big kobold (Sewer)
  Blork the orc (D:6)
  A bullfrog (D:7)
  A gnoll sergeant (D:7)
  Dowan (D:7)
  A scorpion (D:6)
  4 hounds
  A bullfrog zombie (D:6)
  4 orc priests
  6 orc wizards
  2 bullfrog skeletons
  2 centaur skeletons
  6 worker ants
  A worker ant zombie (D:7)
  3 gnolls (D:7)
  6 adders
  A shadow imp (D:5)
  2 ufetubi
  An ooze (D:2)
  An adder zombie (D:6)
  An adder skeleton (D:7)
  5 worms
  3 leopard geckos
  41 orcs
  4 ball pythons
  A giant cockroach (D:4)
  6 hobgoblins
  8 jackals (D:4)
  6 kobolds
  4 quokkas
  3 bats
  A frilled lizard (D:2)
  4 goblins (D:7)
  A quokka zombie (D:5)
152 creatures vanquished.

Notes
Turn   | Place    | Note
-------+----------+-------------------------------------------
     0 | D:1      | Flugslaktarn the Deep Dwarf Fighter began the quest for the
                  | Orb.
     0 | D:1      | Reached XP level 1. HP: 20/20 MP: 1/1
    65 | D:2      | Reached XP level 2. HP: 22/27 MP: 2/2
   281 | D:2      | Reached XP level 3. HP: 26/34 MP: 3/3
   470 | D:4      | Found a broken altar of Ashenzari.
   523 | D:5      | Entered Level 5 of the Dungeon
   536 | D:5      | Reached skill level 3 in Axes
   651 | D:4      | Noticed an ogre
   659 | D:4      | Killed an ogre
   659 | D:4      | Reached XP level 4. HP: 28/43 MP: 4/4
   777 | D:4      | Reached XP level 5. HP: 25/50 MP: 5/5
   829 | D:4      | Found a glowing drain.
   849 | Sewer    | Entered a sewer
   884 | Sewer    | Reached skill level 4 in Axes
   979 | D:4      | Found a staircase to the Ecumenical Temple.
  1079 | Temple   | Entered the Ecumenical Temple
  1142 | Temple   | Became a worshipper of Makhleb the Destroyer
  1194 | D:4      | Noticed an ogre
  1201 | D:4      | Killed an ogre
  1201 | D:4      | Reached XP level 6. HP: 52/57 MP: 6/6
  1434 | D:4      | Reached skill level 1 in Invocations
  1566 | D:5      | Found Tasifagg's Armour Shoppe.
  1688 | D:5      | Noticed Pikel
  1712 | D:5      | Killed Pikel
  1712 | D:5      | Reached skill level 5 in Fighting
  1712 | D:5      | Reached skill level 5 in Axes
  1712 | D:5      | Reached XP level 7. HP: 61/67 MP: 5/7
  1750 | D:5      | Reached skill level 5 in Armour
  2007 | D:5      | Reached XP level 8. HP: 56/74 MP: 9/9
  2016 | D:5      | Reached skill level 6 in Axes
  2020 | D:5      | Reached * piety under Makhleb
  2866 | D:6      | Noticed Blork the orc
  2877 | D:6      | Killed Blork the orc
  3174 | D:6      | Killed an unseen horror
  3174 | D:6      | Reached skill level 7 in Axes
  3174 | D:6      | Gained mutation: You passively map the area around you.
                  | [Deep Dwarf growth]
  3174 | D:6      | Reached XP level 9. HP: 49/85 MP: 7/7
  3233 | D:6      | Reached skill level 5 in Invocations
  3271 | D:6      | Found a blossoming altar of Fedhas.
  3712 | D:7      | Noticed Dowan
  3714 | D:7      | Noticed Duvessa
  3727 | D:7      | Killed Dowan
  3728 | D:7      | Killed Duvessa
  3745 | D:7      | Found Doodgh's Assorted Antiques.
  3754 | D:7      | Bought a scroll labeled HYUROUTZIH for 20 gold pieces
  3754 | D:7      | Bought a scroll labeled DOCUYWE SIXUAG for 20 gold pieces
  3754 | D:7      | Bought a scroll labeled ENKANI QOARHE for 20 gold pieces
  3754 | D:7      | Bought a scroll labeled NALLE UDILA for 20 gold pieces
  3754 | D:7      | Bought a metallic dark potion for 18 gold pieces
  3754 | D:7      | Bought a lumpy black potion for 18 gold pieces
  3754 | D:7      | Bought a shiny copper wand for 80 gold pieces
  3783 | D:7      | Reached ** piety under Makhleb
  3889 | D:7      | Reached skill level 8 in Axes
  4169 | D:7      | Found a flagged portal.
  4185 | Bailey   | Entered a bailey
  4308 | Bailey   | Reached skill level 5 in Dodging
  4361 | Bailey   | Reached *** piety under Makhleb
  4371 | Bailey   | Noticed an orc knight
  4395 | Bailey   | Killed an orc knight
  4395 | Bailey   | Reached XP level 10. HP: 68/96 MP: 5/5
  4444 | Bailey   | Noticed an orc knight
  4473 | Bailey   | Noticed an orc knight
  4478 | Bailey   | Demolished by an orc knight

Illustrated notes

Levels and vault maps discovered:
D:1:      dpeg_arrival_shrine, layout_loops_corners
D:2:      minmay_spotlight, layout_loops_ring, minmay_liquid_box,
          grunt_ministairs_7
D:3:      layout_loops_corners
D:4:      layout_basic, evilmike_ruin_ashenzari, minmay_temple_entry_overgrown,
          cheibrodos_sewer_entry_bend, minivault_26
D:5:      layout_layer_cave, serial_shops, shop,
          minmay_fractal_squares_diagonal_5, uniq_pikel
D:6:      cheibrodos_fzero, layout_basic, fedhas_altar_3, uniq_blork_the_orc
D:7:      layout_rooms, serial_shops, shop, enter_bailey_3, uniq_duvessa
Temple:   dpeg_three_leaves_temple
Bailey:   bailey_polearm_5, bailey

Skill      XL: |  1  2  3  4  5  6  7  8  9 10 |
---------------+-------------------------------+-----
Fighting       | 3 4 5 6 7 |  7.7
Axes           | 3 4 5 7 8 |  8.9
Shields        | 4 |  4.2
Armour         | 4 5 6 7 |  7.0
Invocations    | 2 3 4 6 |  6.3
Dodging        | 2 4 5 |  5.3

Action                   |  1- 3 |  4- 6 |  7- 9 | 10-12 || total
-------------------------+-------+-------+-------+-------++-------
Melee: War axe           |    83 |    97 |   349 |    38 ||   567
 Abil: Heal Wounds       |     1 |     3 |    20 |     2 ||    26
Evoke: Wand              |       |       |     4 |     1 ||     5
  Use: Scroll            |       |       |    17 |       ||    17
       Potion            |       |       |     4 |     1 ||     5
 Stab: Invisible         |       |       |     1 |       ||     1
Armor: Scale mail        |    26 |    37 |    79 |       ||   142
       Chain mail        |       |       |    70 |    22 ||    92
       Plate armour      |       |       |    12 |       ||    12
Dodge: Dodged            |    22 |    35 |   147 |    16 ||   220
Block: Kite shield       |    51 |    69 |   298 |    40 ||   458

Table legend: (Time is in decaauts)
 A = Elapsed time spent in this place.
 B = Non-inter-level travel time spent in this place.
 C = Inter-level travel time spent in this place.
 D = Time resting spent in this place.
 E = Time spent auto-exploring this place.
 F = Levels seen in this place.
 G = Mean time per level.
                   A        B        C        D        E       F      G
               +--------+--------+--------+--------+--------+-----+--------+
         Total |   4654 |   4379 |    275 |     12 |   3097 |  10 |  465.4 |
       Dungeon |   4205 |   3949 |    256 |      0 |   2982 |   7 |  600.7 |
        Temple |     73 |     55 |     18 |      0 |     52 |   1 |   73.0 |
         Sewer |     61 |     61 |      0 |      0 |     14 |   1 |   61.0 |
        Bailey |    313 |    313 |      0 |     12 |     49 |   1 |  313.0 |
               +--------+--------+--------+--------+--------+-----+--------+

Top non-repeatable levels by time:
     D:5: 1216 daAuts
     D:6: 1062 daAuts
     D:4: 932 daAuts
     D:7: 499 daAuts
     D:2: 334 daAuts
  Bailey: 313 daAuts
     D:3: 91 daAuts
  Temple: 73 daAuts
     D:1: 69 daAuts
   Sewer: 61 daAuts
